 Dungeon Crawl Stone Soup version 0.29-a0-364-g921d912d32 (webtiles) character file.

Game seed: 6924870984258160485

3 holysushi the Cutter (level 1, 0/14 HPs)
             Began as a Kobold Monk on Apr 30, 2022.
             Frozen to death by an endoplasm (5 damage)
             ... on level 1 of the Dungeon.
             The game lasted 00:01:04 (137 turns).

holysushi the Cutter (Kobold Monk)                   Turns: 137, Time: 00:01:05

Health: 0/14       AC:  2    Str:  8    XL:     1   Next: 55%
Magic:  1/1        EV: 16    Int: 11    God:
Gold:   0          SH:  0    Dex: 17    Spells: 0/0 levels left

rFire   . . .      SeeInvis .   a - +0 short sword
rCold   . . .      Faith    .   (no shield)
rNeg    . . .      Spirit   .   b - +0 robe
rPois   .          Reflect  .   (no helmet)
rElec   .          Harm     .   (no cloak)
rCorr   .          Rampage  .   (no gloves)
Will    .....                   (no boots)
Stlth   +++.......              (no amulet)
HPRegen 0.04/turn               (no ring)
MPRegen 0.07/turn               (no ring)

@: no status effects
A: small, no large weapons, nightstalker 3
a: no special abilities


You were on level 1 of the Dungeon.
You visited 1 branch of the dungeon, and saw 1 of its levels.

Inventory:

Hand Weapons
 a - a +0 short sword (weapon)
Armour
 b - a +0 robe (worn)
Scrolls
 d - a scroll of vulnerability {unknown}
Potions
 c - a potion of ambrosia


   Skills:
 + Level 3.3 Fighting
 * Level 4.2 Short Blades
 - Level 3.6 Dodging
 + Level 2.8 Stealth


You couldn't memorise any spells.
You didn't know any spells.
Your spell library was empty.

Dungeon Overview and Level Annotations

Branches:
Dungeon (1/15)

Altars:


Innate Abilities, Weirdness & Mutations

You are small and have problems with some larger weapons.
You are completely attuned to the shadows.


Message History

No target in view!
No target in view!
A frilled lizard comes into view.
Things that are here:
a +0 club; a kobold corpse A rat comes into view.
You see here a scroll labelled DOUTEN ZICSA.
There are monsters nearby!
There are monsters nearby!
A goblin comes into view. It is wielding a +0 dagger.
The frilled lizard closely misses you.
The goblin shouts!
You hit the frilled lizard.
You kill the frilled lizard!
An endoplasm comes into view.
The rat misses you. The goblin hits you but does no damage.
You closely miss the rat. The rat bites you. The goblin misses you.
You hit the goblin.
You kill the goblin!
The rat bites you.
You hit the rat.
You kill the rat!
The endoplasm freezes you.
You are frozen.
You are too injured to fight recklessly!
You are too injured to fight recklessly!
You are too injured to fight recklessly!
You hit the endoplasm.
The endoplasm is severely wounded.
The endoplasm hits you.
You hit the endoplasm but do no damage.
The endoplasm is severely wounded.
The endoplasm barely misses you.
You hit the endoplasm.
The endoplasm is almost dead.
You completely miss the endoplasm.
The endoplasm is almost dead.
The endoplasm freezes you.
You are frozen.
You die...

#...#.#. ..
#.......
....#...#.#
....#.....#.
.....?.@J...
.....)......
#...........
>..#.#......
####∩####...
#.....####
♣.......#.#####
♣........#∩#...##
...♣............#


You could see an endoplasm.

Vanquished Creatures
  A goblin (D:1)
  A frilled lizard (D:1)
  A kobold (D:1)
  A rat (D:1)
4 creatures vanquished.

Notes
Turn   | Place    | Note
-------+----------+-------------------------------------------
     0 | D:1      | holysushi the Kobold Monk began the quest for the Orb.
     0 | D:1      | Reached XP level 1. HP: 14/14 MP: 1/1
   137 | D:1      | Frozen to death by an endoplasm

Illustrated notes

Levels and vault maps discovered:
D:1:      nzn_arrival_settlement, layout_basic

Action                   || total
-------------------------++-------
Melee: Short sword       ||    10
Armor: Robe              ||     1
Dodge: Dodged            ||     4

Table legend: (Time is in decaauts)
 A = Elapsed time spent in this place.
 B = Non-inter-level travel time spent in this place.
 C = Inter-level travel time spent in this place.
 D = Time resting spent in this place.
 E = Time spent auto-exploring this place.
 F = Levels seen in this place.
 G = Mean time per level.
                   A        B        C        D        E       F      G
               +--------+--------+--------+--------+--------+-----+--------+
         Total |    135 |    135 |      0 |    100 |     18 |   1 |  135.0 |
       Dungeon |    135 |    135 |      0 |    100 |     18 |   1 |  135.0 |
               +--------+--------+--------+--------+--------+-----+--------+

Top non-repeatable levels by time:
     D:1: 135 daAuts
